 Dungeon Crawl Stone Soup version 0.27.1-33-g824d729ab1 (webtiles) character file.

Game seed: 8737598033942595877

11 SensoryNuts the Skirmisher (level 2, 22/24 HPs)
             Began as a Demonspawn Fighter on Dec 6, 2021.
             Quit the game on level 1 of the Dungeon.
             The game lasted 00:00:48 (271 turns).

SensoryNuts the Skirmisher (Demonspawn Fighter)      Turns: 271, Time: 00:00:48

Health: 22/24      AC:  6    Str: 16    XL:     2   Next: 17%
Magic:  2/2        EV:  6    Int:  9    God:
Gold:   27         SH:  8    Dex: 12    Spells: 1/1 levels left

rFire    . . .     SeeInvis .   a - +0 trident
rCold    . . .     Faith    .   c - +0 kite shield
rNeg     . . .     Spirit   .   b - +0 scale mail
rPois    .         Reflect  .   (helmet restricted)
rElec    .         Harm     .   (no cloak)
rCorr    .         Rampage  .   (no gloves)
Will     .....                  (no boots)
Stlth    ..........             (no amulet)
HPRegen  0.08/turn              (no ring)
MPRegen  0.08/turn              (no ring)

@: no status effects
A: antennae 1
a: no special abilities


You were on level 1 of the Dungeon.
You visited 1 branch of the dungeon, and saw 1 of its levels.

You collected 27 gold pieces.

Inventory:

Hand Weapons
 a - a +0 trident (weapon)
 e - a +0 spear
Armour
 b - a +0 scale mail (worn)
 c - a +0 kite shield (worn)
Scrolls
 i - a scroll of identify {unknown}
Potions
 d - a potion of might
 f - a potion of brilliance {unknown}
 g - a potion of resistance {unknown}
 h - a potion of magic {unknown}


   Skills:
 + Level 3.2 Fighting
 + Level 1.8 Polearms
 + Level 2.8 Armour
 + Level 3.0 Shields


You had one spell level left.
You didn't know any spells.
Your spell library was empty.

Dungeon Overview and Level Annotations

Branches:
Dungeon (1/15)

Altars:


Innate Abilities, Weirdness & Mutations

You have a pair of small antennae on your head.


Message History

You hit the endoplasm.
You kill the endoplasm!
Your Shields skill increases to level 3!
Found a stone staircase leading down.
h - a brown potion
i - a scroll labelled HUF MULUXZAM A kobold comes into view.
It is wielding a +0 dagger.
The kobold shouts!
A kobold is nearby!
A kobold is nearby!
A kobold is nearby!
Found 14 bolts.
A kobold is nearby!
The kobold hits you but does no damage.
You closely miss the kobold. You block the kobold's attack.
The kobold hits you but does no damage.
A kobold is nearby!
You barely miss the kobold. The kobold barely misses you.
A kobold is nearby!
You barely miss the kobold. The kobold closely misses you.
The kobold hits you but does no damage.
A kobold is nearby!
You hit the kobold but do no damage. The kobold hits you with a +0 dagger.
Your shield and scale mail prevent you from hitting the kobold.
You block the kobold's attack. The kobold hits you with a +0 dagger.
You completely miss the kobold. You block the kobold's attack.
You hit the kobold.
The kobold is severely wounded.
You block the kobold's attack.
You barely miss the kobold.
The kobold is severely wounded.
The kobold barely misses you. The kobold hits you but does no damage.
You miss the kobold.
The kobold is severely wounded.
You block the kobold's attack.
You hit the kobold.
You kill the kobold!
Things that are here:
a +0 dagger; a kobold corpse Are you sure you want to abandon this character and quit the game? (Confirm with "yes".)

#+### #. ... #. ...
..# #.##### ...# ^.##
# #.+.... ##.P# ...##
.#.#+### .....# ....
........ #...# ^.#
###.#.#.
#...##^.########.....
#..@..(#....#♣.♣....
####.###....##....##
#........#♣.♣.##.
#####....##...#..
######.....♣.♣....
##....#...)........
...........)†......
>.....#............
##.................


There were no monsters in sight!

Vanquished Creatures
  A dart slug (D:1)
  An endoplasm (D:1)
  A giant cockroach (D:1)
  A goblin (D:1)
  2 kobolds (D:1)
  A bat (D:1)
  2 rats (D:1)
9 creatures vanquished.

Notes
Turn   | Place    | Note
-------+----------+-------------------------------------------
     0 | D:1      | SensoryNuts the Demonspawn Fighter began the quest for the
                  | Orb.
     0 | D:1      | Reached XP level 1. HP: 18/18 MP: 1/1
   162 | D:1      | Gained mutation: You have a pair of small antennae on your
                  | head. [demonic ancestry]
   162 | D:1      | Reached XP level 2. HP: 20/24 MP: 2/2
   271 | D:1      | Quit the game

Illustrated notes

Levels and vault maps discovered:
D:1:      shiori_arrival_maze, layout_rooms,
          shapermc_ecumenical_altar_rom_forum, serial_forest,
          infiniplex_forest_clump_curved, infiniplex_forest_zigzag_2,
          infiniplex_forest_clump_long, infiniplex_forest_lined_3_way,
          infiniplex_forest_lined_1

Skill      XL: |  1  2 |
---------------+-------+-----
Shields        | 3 |  3.0
Fighting       | |  3.2
Polearms       | |  1.8
Armour         | |  2.8

Action                   || total
-------------------------++-------
Melee: Trident           ||    29
Armor: Scale mail        ||    24
Dodge: Dodged            ||    11
Block: Kite shield       ||    19
